 Dungeon Crawl Stone Soup version 0.23.0 (webtiles) character file.

Game seed: 9257999636611646456

17507 Yuikono the Arsonist (level 12, 106/106 HPs)
             Began as a Hill Orc Fire Elementalist on Feb 7, 2019.
             Was a High Priest of Beogh.
             Quit the game on level 14 of the Dungeon on Feb 12, 2019.
             The game lasted 01:37:58 (20378 turns).

Yuikono the Arsonist (Hill Orc Fire Elementalist)  Turns: 20378, Time: 01:37:59

Health: 106/106    AC: 11    Str: 21    XL:     12   Next: 48%
Magic:  33/33      EV: 12    Int: 19    God:    Beogh [*****.]
Gold:   920        SH:  0    Dex: 16    Spells: 9/27 levels left

rFire    . . .     SeeInvis .   I - +7 flail of Purpose {crush, *Noise +Inv MP+9 Str+5}
rCold    + . .     Gourm    .   (no shield)
rNeg     . . .     Faith    .   B - +2 robe {rC+}
rPois    .         Spirit   .   q - +0 helmet
rElec    .         Reflect  .   t - +0 cloak
rCorr    .         Harm     .   r - +0 pair of gloves
MR       .....                  (no boots)
Stlth    ++........             P - amulet of regeneration
HPRegen  0.67/turn              y - ring of Oxoher {+Blink +Inv Str+4 Dex+5}
MPRegen  0.23/turn              Q - +4 ring of protection

@: no status effects
A: walk on water
a: Smiting, Recall Orcish Followers, Give Item to Named Follower, Renounce
Religion, Evoke Blink, Evoke Invisibility


You were on level 14 of the Dungeon.
You worshipped Beogh.
Beogh was extremely pleased with you.
You were hungry.

You visited 2 branches of the dungeon, and saw 16 of its levels.

You collected 947 gold pieces.
You spent 27 gold pieces at shops.

Inventory:

Hand Weapons
 I - the +7 flail of Purpose (weapon) {crush, *Noise +Inv MP+9 Str+5}
   (You found it on level 12 of the Dungeon)

   It inflicts extra damage upon your enemies.
   It affects your strength (+5).
   It affects your magic capacity (+9).
   It lets you turn invisible.
   It may make noises in combat.
Missiles
 f - 430 stones (quivered)
 v - 8 javelins of penetration
 T - 2 throwing nets
Armour
 o - a +5 scale mail of fire resistance
 p - a +0 robe of magic resistance
 q - a +0 helmet (worn)
 r - a +0 pair of gloves (worn)
 t - a +0 cloak (worn)
 B - a +2 robe of cold resistance (worn)
 L - the +0 leather armour "Hoblar" {+Blink Str+4}
   (You found it on level 6 of the Dungeon)

   It affects your strength (+4).
   It lets you blink.
 Y - a +2 robe of positive energy
Magical Staves
 U - an uncursed staff of fire
Jewellery
 a - a +4 ring of dexterity
 b - a +3 ring of protection
 y - the ring of Oxoher (left hand) {+Blink +Inv Str+4 Dex+5}
   (You found it on level 7 of the Dungeon)

   [ring of dexterity]

   It affects your strength (+4).
   It affects your dexterity (+5).
   It lets you turn invisible.
   It lets you blink.
 F - an uncursed ring of protection from magic
 K - an uncursed ring of wizardry
 P - an amulet of regeneration (around neck)
 Q - a +4 ring of protection (right hand)
Wands
 e - a wand of flame (22)
 n - a wand of iceblast (21)
 S - a wand of paralysis (11)
 V - a wand of polymorph (12)
Scrolls
 i - 4 scrolls of teleportation
 j - 6 scrolls of remove curse
 s - 2 scrolls of fog
 u - 3 scrolls of magic mapping
 x - a scroll of enchant armour
 C - a scroll of blinking
 D - a scroll of random uselessness
 J - 2 scrolls of fear
 N - a scroll of brand weapon {unknown}
 R - 2 scrolls of immolation
Potions
 g - 5 potions of curing
 h - 3 potions of brilliance
 k - 2 potions of magic
 l - 3 potions of flight {unknown}
 m - a potion of berserk rage {unknown}
 w - 2 potions of degeneration {unknown}
 z - 2 potions of agility {unknown}
 A - 3 potions of haste
 E - 3 potions of lignification {unknown}
 G - a potion of mutation {unknown}
 H - a potion of resistance {unknown}
 M - a potion of heal wounds
 O - a potion of ambrosia {unknown}
 W - a potion of might {unknown}
Miscellaneous
 d - a sack of spiders
Comestibles
 c - 29 rations


   Skills:
 - Level 10.1 Fighting
   Level 5.0(5.9) Axes
 + Level 3.8(4.7) Maces & Flails
 - Level 1.5 Dodging
 - Level 1.5 Stealth
 + Level 8.0 Spellcasting
 + Level 10.2 Conjurations
 + Level 11.4 Fire Magic


You had 9 spell levels left.
You knew the following spells:

 Your Spells              Type           Power        Failure   Level  Hunger
a - Flame Tongue          Conj/Fire      #####        1%          1    None
b - Throw Flame           Conj/Fire      #####.       1%          2    None
c - Conjure Flame         Conj/Fire      #####...     1%          3    None
d - Inner Flame           Hex/Fire       ####....     2%          3    None
e - Sticky Flame          Conj/Fire      #####...     1%          4    ###....
f - Fireball              Conj/Fire      #####.....   3%          5    #####..

Your spell library contained the following spells:

 Spells                   Type           Power        Failure   Level  Hunger
 Bolt of Magma            Conj/Fire/Erth #####.....   13%         5    #####..
 Leda's Liquefaction      Hex/Erth       #.........   65%         4    ###....
 Iron Shot                Conj/Erth      ####......   86%         6    ######.
 Statue Form              Tmut/Erth      #........    100%        6    ######.
 Shatter                  Erth           #.........   100%        9    #######


Dungeon Overview and Level Annotations

Branches:
Dungeon (14/15)            Temple (1/1) D:4            Lair (0/6) D:9
    Orc (0/2) D:11         Vaults (0/5) D:13

Altars:
Ashenzari
Cheibriados
Dithmenos
Elyvilon
Fedhas
Gozag
Hepliaklqana
Kikubaaqudgha
Makhleb
Nemelex Xobeh
Okawaru
Qazlal
Ru
Sif Muna
Trog
Uskayaw
Vehumet
Wu Jian
Xom
Yredelemnul
Zin
The Shining One

Shops:
D:8 :   D:13 *


Message History

Welcome back, Yuikono the Hill Orc Fire Elementalist.
Beogh says: Drown the unbelievers in a sea of blood!
Welcome back, Yuikono the Hill Orc Fire Elementalist.
Beogh says: Drown the unbelievers in a sea of blood!
Welcome back, Yuikono the Hill Orc Fire Elementalist.
Beogh says: Drown the unbelievers in a sea of blood!
Press ? for a list of commands and other information.
Welcome back, Yuikono the Hill Orc Fire Elementalist.
Beogh says: Drown the unbelievers in a sea of blood!
Welcome back, Yuikono the Hill Orc Fire Elementalist.
Beogh says: Drown the unbelievers in a sea of blood!
Press ? for a list of commands and other information.
Saving game... please wait.
Welcome back, Yuikono the Hill Orc Fire Elementalist.
Beogh says: Drown the unbelievers in a sea of blood!
Welcome back, Yuikono the Hill Orc Fire Elementalist.
Beogh says: Drown the unbelievers in a sea of blood!
Press ? for a list of commands and other information.
You swap places.
Are you sure you want to abandon this character and quit the game? (Confirm with "yes".)

############ ###
#####.......<..######.#
#.....................#
#.###.########.######.#
###'###....>#..o........#
#.....#..##.#.##.########
#.....#..o..#.##.####
#.....#.o@..#.##....#
#.....+.............#
#.....##..#.#.#.....#
#.........###.#.....#
#................#### ####
#(.....#.###.....# #...
#..........#.....######...
#<.....#.#.........?..+...
#......#.###.###.######...


You could see the friendly Morguth the orc knight and the friendly Arkwar the
orc priest.

Vanquished Creatures
  Nessos (D:13)
  A centaur warrior (D:13)
  A two-headed ogre (D:14)
  A wizard (D:13)
  A wolf spider zombie (D:12)
  2 ugly things
  Maurice (D:8)
  A rime drake (shapeshifter) (D:14)
  3 komodo dragons (D:9)
  5 trolls
  A queen bee (D:10)
  A hippogriff (D:9)
  7 yaks
  A vampire (D:14)
  2 wyverns
  A steam dragon (D:9)
  2 basilisks (D:9)
  4 hogs (D:10)
  A human (D:10)
  2 vampire mosquitoes (D:13)
  A black bear (D:10)
  3 ice beasts
  A phantom (D:8)
  2 orc warriors
  7 ogres
  10 centaurs
  A big kobold (D:10)
  Blork the orc (D:4)
  A wyvern zombie (D:10)
  5 bullfrogs
  A wyvern skeleton (D:12)
  4 scorpions
  A water moccasin skeleton (D:6)
  19 killer bees (D:10)
  4 wights (D:11)
  4 howler monkeys
  3 crimson imps
  A bullfrog zombie (D:8)
  3 hounds
  3 orc priests
  2 bullfrog skeletons
  Jessica (D:2)
  4 iguanas
  Natasha (thrice) (D:4)
  Terence (D:2)
  9 orc wizards
  5 worker ants
  2 killer bee zombies
  10 gnolls
  7 adders
  3 shadow imps
  An adder zombie (D:8)
  An adder skeleton (D:10)
  3 worms
  2 dart slugs (D:2)
  4 leopard geckos
  28 orcs
  3 ball pythons
  8 giant cockroaches
  6 goblins
  6 hobgoblins
  11 jackals
  11 kobolds
  5 quokkas
  A ball python skeleton (D:5)
  5 bats
  3 frilled lizards
  A leopard gecko skeleton (D:7)
  6 rats
266 creatures vanquished.

Vanquished Creatures (collateral kills)
  A two-headed ogre (D:12)
  A wizard (D:13)
  The ghost of Killmatronix the Martial Artist, a novice DgWn (D:7)
  An ugly thing (D:12)
  A salamander (shapeshifter) (D:14)
  A centaur zombie (D:12)
  4 trolls
  4 yaks
  An ice beast (D:12)
  An eye of draining (D:12)
  An orc warrior (D:14)
  2 centaurs (D:13)
  3 bullfrogs
  A water moccasin skeleton (D:12)
  2 killer bees (D:10)
  A wight (D:11)
  2 hounds
  An orc priest (D:11)
  2 worker ants (D:12)
  An adder (D:12)
  A shadow imp (D:13)
  3 orcs
36 creatures vanquished.

Vanquished Creatures (others)
  An orc knight (D:12)
  The ghost of Truthflux the Firebug, a novice DrFE of Vehumet (D:7)
  An orc warrior (D:6)
  A yak (D:9)
  An eye of draining (D:12)
  A centaur (D:6)
  4 killer bees (D:10)
  An orc priest (D:6)
  2 orc wizards (D:6)
  A gnoll (D:8)
  8 orcs
22 creatures vanquished.

Grand Total: 324 creatures vanquished

Notes
Turn   | Place    | Note
-------+----------+-------------------------------------------
     0 | D:1      | Yuikono the Hill Orc Fire Elementalist began the quest for
                  | the Orb.
     0 | D:1      | Reached XP level 1. HP: 14/14 MP: 3/3
   638 | D:1      | Reached XP level 2. HP: 7/22 MP: 2/4
  1000 | D:1      | Learned a level 2 spell: Throw Flame
  1327 | D:1      | Reached XP level 3. HP: 24/27 MP: 2/5
  1380 | D:1      | Reached skill level 1 in Axes
  2255 | D:2      | Learned a level 3 spell: Conjure Flame
  2469 | D:2      | Reached XP level 4. HP: 31/34 MP: 7/7
  2505 | D:2      | Found a glowing silver altar of Zin.
  2519 | D:2      | Noticed Jessica
  2525 | D:2      | Killed Jessica
  2525 | D:2      | Reached skill level 4 in Fire Magic
  2562 | D:2      | Noticed Terence
  2599 | D:2      | Killed Terence
  2966 | D:2      | Reached XP level 5. HP: 39/39 MP: 5/8
  3764 | D:3      | Noticed an ice beast
  4156 | D:3      | Killed an ice beast
  4156 | D:3      | Reached XP level 6. HP: 30/46 MP: 0/10
  4388 | D:3      | You fall through a shaft for 3 floors!
  4513 | D:6      | Noticed an orc warrior
  4514 | D:6      | Became a worshipper of Beogh the Brigand
  4702 | D:6      | Noticed an orc warrior
  4868 | D:5      | Entered Level 5 of the Dungeon
  4900 | D:5      | Noticed a troll
  5103 | D:4      | You fall through a shaft for 2 floors!
  5107 | D:6      | Reached skill level 5 in Fire Magic
  5142 | D:6      | HP: 2/46 [orc warrior/+0 glaive (15)]
  5459 | D:4      | Reached XP level 7. HP: 25/51 MP: 4/11
  5679 | D:4      | Found a burning altar of Makhleb.
  6043 | D:3      | Upgraded the game from 0.23-b1-84-g6588a6b to 0.23.0
  6728 | D:4      | Found a staircase to the Ecumenical Temple.
  6740 | D:4      | Reached skill level 5 in Axes
  6862 | Temple   | Entered the Ecumenical Temple
  6983 | D:4      | Learned a level 3 spell: Inner Flame
  6988 | D:4      | Learned a level 4 spell: Sticky Flame
  7091 | D:4      | Noticed Blork the orc
  7142 | D:4      | Killed Blork the orc
  7142 | D:4      | Reached skill level 1 in Fighting
  7142 | D:4      | Reached XP level 8. HP: 27/59 MP: 1/13
  7399 | D:4      | Noticed Natasha
  7404 | D:4      | Killed Natasha
  7609 | D:4      | Noticed Natasha
  7614 | D:4      | Killed Natasha
  7714 | D:4      | Noticed Natasha
  7718 | D:4      | Killed Natasha
  7891 | D:5      | Reached skill level 6 in Fire Magic
  8131 | D:5      | Reached * piety under Beogh
  8675 | D:5      | Found a hazy altar of Hepliaklqana.
  8781 | D:6      | Identified the cursed +0 leather armour "Hoblar" {+Blink
                  | Str+4} (You found it on level 6 of the Dungeon)
  9065 | D:7      | Noticed a troll
  9102 | D:7      | Killed a troll
  9102 | D:7      | Reached skill level 5 in Conjurations
  9214 | D:7      | You fall through a shaft!
  9385 | D:7      | Reached skill level 7 in Fire Magic
  9385 | D:7      | Reached XP level 9. HP: 63/72 MP: 5/15
  9662 | D:7      | Found a white marble altar of Elyvilon.
  9689 | D:7      | Found a white marble altar of Elyvilon.
  9853 | D:7      | Found a runed translucent gate.
  9853 | D:7      | Found a runed translucent gate.
  9853 | D:7      | Found a runed translucent gate.
  9853 | D:7      | Noticed Killmatronix's ghost (novice DgWn)
  9854 | D:7      | Noticed Truthflux's ghost (novice DrFE)
 10120 | D:8      | Noticed Maurice
 10485 | D:8      | Found an ancient bone altar of Kikubaaqudgha.
 10613 | D:8      | Paralysed by an orc wizard for 2 turns
 10813 | D:8      | Reached skill level 5 in Fighting
 10901 | D:8      | Your ally died
 10901 | D:8      | Reached skill level 5 in Spellcasting
 10949 | D:8      | Found Zigenah's Book Shoppe.
 11096 | D:8      | Reached ** piety under Beogh
 11663 | D:9      | Reached skill level 8 in Fire Magic
 12002 | D:8      | Learned a level 5 spell: Fireball
 12072 | D:9      | Noticed a troll
 12086 | D:9      | Killed a troll
 12086 | D:9      | Reached XP level 10. HP: 84/84 MP: 8/18
 12254 | D:9      | Found an opulent altar of Gozag.
 12744 | D:9      | Found a staircase to the Lair.
 13034 | D:9      | Reached skill level 9 in Fire Magic
 13242 | D:9      | Identified the +4 chain mail of the Teacher {rPois Regen+
                  | Int-3 Stlth+} (You found it on level 9 of the Dungeon)
 13448 | D:10     | Entered Level 10 of the Dungeon
 14021 | D:10     | Reached *** piety under Beogh
 14476 | D:10     | Reached XP level 11. HP: 79/95 MP: 3/20
 14900 | D:10     | Reached skill level 10 in Fire Magic
 15176 | D:11     | Found a staircase to the Orcish Mines.
 15188 | D:11     | Reached **** piety under Beogh
 15621 | D:11     | Gained Horkud as an ally
 16062 | D:12     | Gained Arkwar as an ally
 16095 | D:12     | Noticed a white ugly thing
 16104 | D:12     | Killed a white ugly thing
 16229 | D:12     | Noticed a two-headed ogre
 16242 | D:12     | Killed a two-headed ogre
 16577 | D:12     | Noticed a green ugly thing
 16587 | D:12     | Killed a green ugly thing
 16594 | D:12     | Your ally Horkud died
 16706 | D:12     | Identified the +7 flail of Purpose {crush, *Noise +Inv MP+9
                  | Str+5} (You found it on level 12 of the Dungeon)
 16915 | D:13     | Noticed a centaur warrior
 16931 | D:13     | Killed a centaur warrior
 16954 | D:13     | Reached skill level 10 in Fighting
 17186 | D:13     | Reached ***** piety under Beogh
 17216 | D:13     | Identified the +0 robe of Dequterr {+Inv Str+4} (You found
                  | it on level 13 of the Dungeon)
 17536 | D:13     | Noticed Nessos
 17551 | D:13     | Killed Nessos
 17551 | D:13     | Reached skill level 1 in Maces & Flails
 17551 | D:13     | Reached XP level 12. HP: 106/106 MP: 21/23
 17631 | D:13     | Found Maunigy's Assorted Antiques.
 17661 | D:13     | Bought a coppery potion for 27 gold pieces
 17925 | D:13     | Reached skill level 11 in Fire Magic
 17938 | D:13     | Gained Morguth as an ally
 18008 | D:13     | Found a gate to the Vaults.
 18737 | D:7      | Killed Killmatronix's ghost
 18737 | D:7      | Reached skill level 10 in Conjurations
 18784 | D:7      | Identified the ring of Oxoher {+Blink +Inv Str+4 Dex+5}
                  | (You found it on level 7 of the Dungeon)
 18816 | D:7      | Banished Truthflux's ghost
 19357 | D:14     | Noticed a two-headed ogre
 19362 | D:14     | Killed a two-headed ogre
 20378 | D:14     | Quit the game

Skill      XL: |  1  2  3  4  5  6  7  8  9 10 11 12 |
---------------+-------------------------------------+-----
Axes           | 1 2 3 4 5 |  5.0
Spellcasting   | 2 3 4 5 6 7 8 |  8.0
Conjurations   | 2 3 4 5 6 8 9 10 | 10.2
Fire Magic     | 4 5 7 8 9 10 11 | 11.4
Fighting       | 1 4 6 8 10 | 10.1
Maces & Flails | 1 3 |  3.8
Dodging        | |  1.5
Stealth        | |  1.5

Action                   |  1- 3 |  4- 6 |  7- 9 | 10-12 || total
-------------------------+-------+-------+-------+-------++-------
Melee: Unarmed           |    40 |       |       |       ||    40
       Hand axe          |    94 |    69 |   191 |    12 ||   366
       Mace              |     3 |       |       |       ||     3
       Staff             |       |       |       |   104 ||   104
       Flail             |       |       |       |    24 ||    24
Throw: Stone             |     9 |     8 |    37 |     5 ||    59
 Cast: Flame Tongue      |    28 |    66 |   186 |   180 ||   460
       Conjure Flame     |       |     7 |    10 |    17 ||    34
       Throw Flame       |       |     5 |    26 |    23 ||    54
       Sticky Flame      |       |       |    15 |    41 ||    56
       Inner Flame       |       |       |     2 |    14 ||    16
       Fireball          |       |       |       |     9 ||     9
Invok: Convert to Beogh  |       |     1 |       |       ||     1
       Recall Orcish Fol |       |       |       |     4 ||     4
       Give Item to Name |       |       |       |     1 ||     1
Evoke: Wand              |       |       |     6 |    17 ||    23
  Use: Scroll            |       |     1 |     9 |    15 ||    25
       Potion            |       |     1 |     3 |     5 ||     9
 Stab: Sleeping          |     4 |     2 |     3 |     1 ||    10
       Paralysed         |       |       |       |     3 ||     3
  Eat: Chunk             |     6 |     4 |    11 |    23 ||    44
       Ration            |       |     2 |     4 |     3 ||     9
Armor: Robe              |    30 |    17 |    25 |    32 ||   104
       Leather armour    |       |       |    52 |    25 ||    77
Dodge: Dodged            |   122 |    78 |   147 |   137 ||   484
